 Dungeon Crawl Stone Soup version 0.32-a0-377-g951292165a (webtiles) character file.

Game seed: 12032146420170600949

1332 EC1 the Carver (level 8, 0/67 HPs)
             Began as a Minotaur Gladiator on Feb 19, 2024.
             Was a Follower of Trog.
             Succumbed to a gnoll sergeant's poison
             ... on level 6 of the Dungeon.
             The game lasted 00:09:24 (4757 turns).

EC1 the Carver (Minotaur Gladiator)                 Turns: 4757, Time: 00:09:24

Health: 0/67       AC: 25    Str: 20    XL:     8   Next: 34%
Magic:  7/7        EV:  4    Int:  5    God:    Trog [*.....]
Gold:   261        SH:  0    Dex: 13    Spells: 7/7 levels left

rFire   . . .        a - +2 long sword
rCold   + . .        (no shield)
rNeg    . . .        s - +1 crystal plate armour
rPois   .            c - +2 hat
rElec   .            D - +0 cloak
rCorr   .            (no gloves)
SInv    .            (no boots)
Will    .....        y - amulet of the acrobat Stlth
                     f - ring of protection from cold
HPRegen 0.31/turn    l - +4 ring of protection
MPRegen 0.10/turn

%: acrobat
@: lethally poisoned (0 -> -6), on berserk cooldown, slowed, very slow
A: horns 2, retaliatory headbutt
a: Renounce Religion, Berserk


You were on level 6 of the Dungeon.
You worshipped Trog.
Trog was aware of your devotion.
You visited 2 branches of the dungeon, and saw 7 of its levels.

You collected 261 gold pieces.

Inventory:

Hand Weapons
 a - a +2 long sword (weapon)
 o - a +0 sling
 p - a +2 whip of venom
Missiles
 d - 3 throwing nets
 e - a javelin (quivered)
Armour
 b - a +0 leather armour
 c - a +2 hat (worn)
 h - a +0 ring mail
 i - a +0 barding
 j - a +0 leather armour
 s - a +1 crystal plate armour (worn)
 w - a +1 helmet
 x - a +3 plate armour
 D - a +0 cloak (worn)
Jewellery
 f - a ring of protection from cold (left hand)
 k - a +6 ring of intelligence
 l - a +4 ring of protection (right hand)
 y - an amulet of the acrobat (around neck)
Scrolls
 r - 2 scrolls of torment
 u - 3 scrolls of amnesia
 z - a scroll of noise
Potions
 g - a potion of attraction
 m - 2 potions of might
 n - 2 potions of cancellation
 q - a potion of degeneration
 t - a potion of berserk rage
 C - 2 potions of enlightenment


   Skills:
 + Level 4.8 Fighting
 + Level 9.5 Long Blades
 + Level 2.0 Throwing
 + Level 5.8 Armour
 + Level 4.9 Dodging
 + Level 0.6 Stealth


You had 7 spell levels left.
You didn't know any spells.
Your spell library contained the following spells:

 Spells                   Type           Power      Damage    Failure   Level
 Ensorcelled Hibernation  Hex/Ice        0%         N/A       100%        2
 Passwall                 Erth           0%         N/A       100%        3
 Swiftness                Air            0%         N/A       100%        3


Dungeon Overview and Level Annotations

Branches:
Dungeon (6/15)             Temple (1/1) D:4

Altars:
Ashenzari
Cheibriados
Dithmenos
Elyvilon
Fedhas
Hepliaklqana
Kikubaaqudgha
Makhleb
Nemelex Xobeh
Okawaru
Qazlal
Sif Muna
Trog
Vehumet
Wu Jian
Xom
Yredelemnul
Zin
The Shining One

Annotations:
Temple 2 transporters


Innate Abilities, Weirdness & Mutations

You have a pair of horns on your head.
You reflexively headbutt those who attack you in melee.


Message History

You feel very sick.
The gnoll sergeant hits you with a +3 spear of venom.
* * * LOW HITPOINT WARNING * * *
You are lethally poisoned!
You hit the gnoll sergeant.
The gnoll sergeant is almost dead.
* * * LOW HITPOINT WARNING * * *
You feel very sick.
The gnoll sergeant hits you but does no damage.
You hit the gnoll sergeant.
You kill the gnoll sergeant!
Trog accepts your kill.
* * * LOW HITPOINT WARNING * * *
You feel very sick.
* * * LOW HITPOINT WARNING * * *
You feel sick.
Things that are here:
a +3 spear of venom; a +0 ring mail You feel a strong urge to attack something.
* * * LOW HITPOINT WARNING * * *
You feel sick.
Things that are here:
a +0 whip; a +0 club
* * * LOW HITPOINT WARNING * * *
You feel sick.
You feel your anger nearly subside.
* * * LOW HITPOINT WARNING * * *
You feel sick.
You are no longer berserk.
You are exhausted.
You feel yourself slow down.
* * * LOW HITPOINT WARNING * * *
You feel sick.
Unknown command.
There is a lethal amount of poison in your body!
There is a lethal amount of poison in your body!
Okay, then.
It was a potion of berserk rage.
You're still recovering from your berserk rage.
You die...

g..........# .........g.#
#...†..##
#.......♣♣♣♣+♣♣♣♣
#...g.g.'.......+
#......#♣g≈...§.♣
...<######♣.≈._§≈.♣
############♣.≈..§≈.♣
#....†.@..))'.......+
#####.##########♣♣♣♣+♣♣♣♣
#.....# #........#
#.##### #.#...####
#.....# #.#..†..# #####.#
#####.#####.# #.# #..)..#
#<# ###.# #.##### ###
#...# #.#


There were no monsters in sight!

Vanquished Creatures
  A black bear (D:5)
  2 phantoms (D:5)
  A centaur (D:5)
  A gnoll sergeant (D:6)
  5 scorpions
  2 hounds (D:6)
  A jelly (D:5)
  3 orc priests
  A gnoll bouda (D:4)
  A sleepcap (D:4)
  3 iguanas
  An orc wizard (D:6)
  10 gnolls
  7 adders
  A shadow imp (D:5)
  5 dart slugs
  8 orcs
  5 endoplasms
  2 giant cockroaches
  6 goblins
  8 hobgoblins
  8 jackals
  A quokka (D:1)
  9 ball pythons
  8 bats
  5 kobolds
  5 rats
110 creatures vanquished.

Vanquished Creatures (others)
  A human (D:4)
1 creature vanquished.

Grand Total: 111 creatures vanquished

Notes
Turn   | Place    | Note
-------+----------+-------------------------------------------
     0 | D:1      | EC1 the Minotaur Gladiator began the quest for the Orb.
     0 | D:1      | Reached XP level 1. HP: 18/18 MP: 0/0
   193 | D:1      | Found a faded altar of an unknown god.
   206 | D:1      | Reached XP level 2. HP: 25/25 MP: 1/1
   213 | D:1      | Reached skill level 4 in Long Blades
   452 | D:1      | Reached XP level 3. HP: 28/30 MP: 2/2
  1031 | D:2      | Found an iron altar of Okawaru.
  1396 | D:2      | Reached XP level 4. HP: 37/37 MP: 3/3
  1432 | D:2      | Reached skill level 1 in Armour
  1539 | D:2      | Reached skill level 5 in Long Blades
  2247 | D:4      | Reached XP level 5. HP: 44/44 MP: 4/4
  2673 | D:4      | Reached skill level 6 in Long Blades
  2724 | D:4      | Reached XP level 6. HP: 50/51 MP: 5/5
  2750 | D:4      | Found a staircase to the Ecumenical Temple.
  2828 | Temple   | Found a transporter.
  2828 | Temple   | Found a transporter.
  2828 | Temple   | Found a transporter.
  2828 | Temple   | Found a transporter.
  2828 | Temple   | Entered the Ecumenical Temple
  2845 | Temple   | Became a worshipper of Trog the Wrathful
  2978 | D:4      | Found an ancient bone altar of Kikubaaqudgha.
  2984 | D:4      | Noticed a human
  2986 | D:4      | Killed a human
  3403 | D:5      | Entered Level 5 of the Dungeon
  3848 | D:5      | Reached skill level 7 in Long Blades
  3848 | D:5      | Reached XP level 7. HP: 58/58 MP: 6/6
  4002 | D:5      | Reached skill level 5 in Armour
  4114 | D:5      | Reached skill level 8 in Long Blades
  4363 | D:5      | Reached XP level 8. HP: 64/67 MP: 7/7
  4599 | D:6      | Found a radiant altar of Vehumet.
  4618 | D:6      | Reached * piety under Trog
  4619 | D:6      | Reached skill level 9 in Long Blades
  4756 | D:6      | HP: 3/67 [poisoned by a gnoll sergeant]
  4757 | D:6      | Succumbed to a gnoll sergeant's poison

Illustrated notes

Levels and vault maps discovered:
D:1:      kilobyte_arrival_exit_the_forest, layout_loops_cross,
          shapermc_ecumenical_altar_starsandcircs
D:2:      layout_rooms, basic_altar
D:3:      layout_rooms, chequers_serial_rivers_small_b
D:4:      layout_gridville, tgw_kikubaaqudgha, minmay_temple_entry_junction
D:5:      layout_cave_pools
D:6:      minmay_goblin_kobold_castle, layout_basic,
          mainiacjoe_overflow_six_doors_small, uniq_menkaure
Temple:   hellmonk_temple_divided_pantheon

Skill      XL: |  1  2  3  4  5  6  7  8 |
---------------+-------------------------+-----
Long Blades    | 4 5 6 7 8 9 |  9.5
Dodging        | 4 |  4.9
Armour         | 2 4 5 |  5.8
Fighting       | 3 4 |  4.8
Throwing       | |  2.0
Stealth        | |  0.6

Action                     |  1- 3 |  4- 6 |  7- 9 || total
---------------------------+-------+-------+-------++-------
  Melee: Long sword        |    59 |   147 |    85 ||   291
         Headbutt          |     2 |    26 |    17 ||    45
  Throw: Javelin           |     1 |       |       ||     1
         Throwing net      |     1 |       |       ||     1
 Invoke: Berserk           |       |       |     1 ||     1
    Use: Scroll            |       |    11 |     7 ||    18
         Potion            |       |     1 |     1 ||     2
 Armour: Leather armour    |    50 |     9 |       ||    59
         Ring mail         |       |    25 |       ||    25
         Crystal plate arm |       |   148 |   107 ||   255
  Dodge: Dodged            |    65 |    70 |    34 ||   169

Table legend: (Time is in decaauts)
 A = Elapsed time spent in this place.
 B = Non-inter-level travel time spent in this place.
 C = Inter-level travel time spent in this place.
 D = Time resting spent in this place.
 E = Time spent auto-exploring this place.
 F = Levels seen in this place.
 G = Mean time per level.
                   A        B        C        D        E       F      G
               +--------+--------+--------+--------+--------+-----+--------+
         Total |   4794 |   4616 |    178 |    548 |   2379 |   7 |  684.9 |
       Dungeon |   4756 |   4578 |    178 |    548 |   2379 |   6 |  792.7 |
        Temple |     38 |     38 |      0 |      0 |      0 |   1 |   38.0 |
               +--------+--------+--------+--------+--------+-----+--------+

Top non-repeatable levels by time:
     D:4: 1435 daAuts
     D:1: 1050 daAuts
     D:5: 886 daAuts
     D:2: 643 daAuts
     D:3: 571 daAuts
     D:6: 168 daAuts
  Temple: 38 daAuts
